Workbook
Name _1_Liikevaihto: Instructions!#REF!
Name _10_Muuttuvien_palkkojen_henkilöstösivukulut: Instructions!#REF!
Name _12_Kiinteät_palkat_ja_palkkiot: Instructions!#REF!
Name _122_Aineet_ja_tarvikkeet: Instructions!#REF!
Name _14_Kiinteät_henkilösivukulut: Instructions!#REF!
Name _15.05_Yrityskehitys__laki__teknologia_ja_tuotekehityspalvelut: Instructions!#REF!
Name _311_Opo_n_maksullinen_korotus_tilikauden_aikana: Instructions!#REF!
Name _37.02_TEKES_avustus: Instructions!#REF!
Name _4_Liiketoiminnan_muut_tuotot: Instructions!#REF!
Name _5_Ostot_tilikauden_aikana_A__Ainekäyttö_S: Instructions!#REF!
Name _7_Ulkopuoliset_palvelut: Instructions!#REF!
Name _8_Muuttuvat_palkat_ja_palkkiot: Instructions!#REF!
Name Alv_laskelma: Instructions!$B$52
Name Alv_saldo_ennen_maksuja: Instructions!$B$56
Name Arvonlisävero: Instructions!$B$38
Name Avustukset: Instructions!$B$48
Name Burn_rate: Instructions!#REF!
Name Edustuskulut: Instructions!$B$27
Name Ennakonpidätykset__keskim.35: Instructions!$B$21
Name Erotus_per_kk: Instructions!#REF!
Name Erotus_per_kvartaali: Instructions!#REF!
Name Henkilösivukulut: Instructions!$B$20
Name Internet__tietoliikenne: Instructions!$B$30
Name Investoinnit: Instructions!$B$37
Name Kassa: Instructions!$B$46
Name Kassan_riittävyys: Instructions!$B$51
Name Kassavirtalaskelman_kuvaajat: Instructions!$A$59
Name Kassavirtalaskelman_ohjeet: Instructions!$A$2
Name Kirjanpidon_tulos: Instructions!$B$44
Name Kirjanpito_ja_tilintarkastus: Instructions!$B$31
Name KK_n_alkukassa: Instructions!$B$42
Name KK_n_loppukassa: Instructions!$B$43
Name Kumulatiivinen_tulos: Instructions!$B$50
Name Kuukauden_Alv: Instructions!$B$55
Name Lainat: Instructions!$B$49
Name Lankapuhelin__faksi__gsm: Instructions!$B$29
Name Laskelman_kohta: Instructions!$B$19:$B$57
Name Liiketoiminnan_muut_tuotot: Instructions!#REF!
Name Liiketoiminta: Instructions!$B$47
Name Mainoskulut__messut: Instructions!$B$28
Name Maksettu_Alv: Instructions!$B$57
Name Materiaalit_ja_tarvikkeet: Instructions!$B$34
Name Muut_alvittomat_kulut: Instructions!$B$36
Name Muut_verot: Instructions!$B$39
Name Muut_vuokrat__mm.leasing: Instructions!$B$25
Name Myynnin_ALV: Instructions!#REF!
Name Myynti: Instructions!#REF!
Name Myyynnin_Alv: Instructions!$B$53
Name Osakepääoma: Instructions!$B$41
Name Oston_Alv: Instructions!$B$54
Name Palkat_brutto: Instructions!$B$19
Name Rahti: Instructions!$B$33
Name Suunniteltu_tulos: Instructions!#REF!
Name TA_mallin_ohjeet: Instructions!#REF!
Name Tavoitekassa: Instructions!$B$45
Name Tekes_avustus_osuus: Instructions!$B$40
Name Toimiston_vuokra: Instructions!$B$24
Name Toimistopalvelut: Instructions!$B$26
Name Toteutunut_tulos: Instructions!#REF!
Name Työnantajatilitys__10._pvä: Instructions!$B$22

Sheet Home
C7: THE COMPANY’S FINANCIAL PLANNING
C9: Name of the company: | F9: OwnCompany Ltd
C10: Statement date: | F10: xx.xx.xxxx
C12: © Jyväskylä University of Applied Science, Incubatior training material

Sheet Cash
A2: NAME OF THE COMPANY: | F2: 1st year | O2: Cash-flow calculation instructions | U2: 2nd year
B3: =Home!F9 -> OwnCompany Ltd | O3: Version 2.3.2017
R5: 1st year | AG5: 1st year
F6: month | G6: month | H6: month | I6: month | J6: month | K6: month | L6: month | M6: month | N6: month | O6: month | P6: month | Q6: month | R6: Total | S6: Per month | U6: month | V6: month | W6: month | X6: month | Y6: month | Z6: month | AA6: month | AB6: month | AC6: month | AD6: month | AE6: month | AF6: month | AG6: Total | AH6: Per month
F7: 1st month | G7: 2nd month | H7: 3rd month | I7: 4th month | J7: 5th month | K7: 6th month | L7: 7th month | M7: 8th month | N7: 9th month | O7: 10th month | P7: 11th month | Q7: 12th month | U7: 1st month | V7: 2nd month | W7: 3rd month | X7: 4th month | Y7: 5th month | Z7: 6th month | AA7: 7th month | AB7: 8th month | AC7: 9th month | AD7: 10th month | AE7: 11th month | AF7: 12th month
A8: TOTAL REVENUE (INCL. VAT) | F8: =SUM(F9:F22) -> 0 | G8: =SUM(G9:G22) -> 0 | H8: =SUM(H9:H22) -> 0 | I8: =SUM(I9:I22) -> 0 | J8: =SUM(J9:J22) -> 0 | K8: =SUM(K9:K22) -> 0 | L8: =SUM(L9:L22) -> 0 | M8: =SUM(M9:M22) -> 0 | ... Q8: =SUM(Q9:Q22) -> 0 | R8: =SUM(F8:Q8) -> 0 | S8: =R8/12 -> 0 | U8: =SUM(U9:U22) -> 0 | V8: =SUM(V9:V22) -> 0 | W8: =SUM(W9:W22) -> 0 | X8: =SUM(X9:X22) -> 0 | Y8: =SUM(Y9:Y22) -> 0 | Z8: =SUM(Z9:Z22) -> 0 | AA8: =SUM(AA9:AA22) -> 0 | AB8: =SUM(AB9:AB22) -> 0 | ... AF8: =SUM(AF9:AF22) -> 0 | AG8: =SUM(U8:AF8) -> 0 | AH8: =AG8/12 -> 0
C9: Product or customer group | R9: =SUM(F9:Q9) -> 0 | S9: =SUM(R9/12) -> 0 | AG9: =SUM(U9:AF9) -> 0 | AH9: =SUM(AG9/12) -> 0
C10: Product or customer group | R10: =SUM(F10:Q10) -> 0 | S10: =SUM(R10/12) -> 0 | AG10: =SUM(U10:AF10) -> 0 | AH10: =SUM(AG10/12) -> 0
C11: Product or customer group | R11: =SUM(F11:Q11) -> 0 | S11: =SUM(R11/12) -> 0 | AG11: =SUM(U11:AF11) -> 0 | AH11: =SUM(AG11/12) -> 0
C12: Product or customer group | R12: =SUM(F12:Q12) -> 0 | S12: =SUM(R12/12) -> 0 | AG12: =SUM(U12:AF12) -> 0 | AH12: =SUM(AG12/12) -> 0
C13: Product or customer group | R13: =SUM(F13:Q13) -> 0 | S13: =SUM(R13/12) -> 0 | AG13: =SUM(U13:AF13) -> 0 | AH13: =SUM(AG13/12) -> 0
C14: Product or customer group | R14: =SUM(F14:Q14) -> 0 | S14: =SUM(R14/12) -> 0 | AG14: =SUM(U14:AF14) -> 0 | AH14: =SUM(AG14/12) -> 0
C15: Product or customer group | R15: =SUM(F15:Q15) -> 0 | S15: =SUM(R15/12) -> 0 | AG15: =SUM(U15:AF15) -> 0 | AH15: =SUM(AG15/12) -> 0
C16: Product or customer group | R16: =SUM(F16:Q16) -> 0 | S16: =SUM(R16/12) -> 0 | AG16: =SUM(U16:AF16) -> 0 | AH16: =SUM(AG16/12) -> 0
C17: Product or customer group | R17: =SUM(F17:Q17) -> 0 | S17: =SUM(R17/12) -> 0 | AG17: =SUM(U17:AF17) -> 0 | AH17: =SUM(AG17/12) -> 0
C18: Product or customer group | R18: =SUM(F18:Q18) -> 0 | S18: =SUM(R18/12) -> 0 | AG18: =SUM(U18:AF18) -> 0 | AH18: =SUM(AG18/12) -> 0
C19: Product or customer group | R19: =SUM(F19:Q19) -> 0 | S19: =SUM(R19/12) -> 0 | AG19: =SUM(U19:AF19) -> 0 | AH19: =SUM(AG19/12) -> 0
C20: Product or customer group | R20: =SUM(F20:Q20) -> 0 | S20: =SUM(R20/12) -> 0 | AG20: =SUM(U20:AF20) -> 0 | AH20: =SUM(AG20/12) -> 0
C21: =CONCATENATE("VAT ",D21*100,"% sales (add % to D21)") -> VAT 10% sales (add % to D21) | D21: 0.1 | R21: =SUM(F21:Q21) -> 0 | S21: =SUM(R21/12) -> 0 | AG21: =SUM(U21:AF21) -> 0 | AH21: =SUM(AG21/12) -> 0
C22: VAT 0% sales (foreign trade, etc.) | R22: =SUM(F22:Q22) -> 0 | S22: =SUM(R22/12) -> 0 | AG22: =SUM(U22:AF22) -> 0 | AH22: =SUM(AG22/12) -> 0
A24: Direct purchases/subcontracting | F24: =SUM(F25:F28) -> 0 | G24: =SUM(G25:G28) -> 0 | H24: =SUM(H25:H28) -> 0 | I24: =SUM(I25:I28) -> 0 | J24: =SUM(J25:J28) -> 0 | K24: =SUM(K25:K28) -> 0 | L24: =SUM(L25:L28) -> 0 | M24: =SUM(M25:M28) -> 0 | ... Q24: =SUM(Q25:Q28) -> 0 | R24: =SUM(F24:Q24) -> 0 | S24: =SUM(R24/12) -> 0 | U24: =SUM(U25:U28) -> 0 | V24: =SUM(V25:V28) -> 0 | W24: =SUM(W25:W28) -> 0 | X24: =SUM(X25:X28) -> 0 | Y24: =SUM(Y25:Y28) -> 0 | Z24: =SUM(Z25:Z28) -> 0 | AA24: =SUM(AA25:AA28) -> 0 | AB24: =SUM(AB25:AB28) -> 0 | ... AF24: =SUM(AF25:AF28) -> 0 | AG24: =SUM(U24:AF24) -> 0 | AH24: =SUM(AG24/12) -> 0
B25: Material purchases | R25: =SUM(F25:Q25) -> 0 | S25: =SUM(R25/12) -> 0 | AG25: =SUM(U25:AF25) -> 0 | AH25: =SUM(AG25/12) -> 0
B26: Subcontracting purchases | R26: =SUM(F26:Q26) -> 0 | S26: =SUM(R26/12) -> 0 | AG26: =SUM(U26:AF26) -> 0 | AH26: =SUM(AG26/12) -> 0
B27: Other direct costs | R27: =SUM(F27:Q27) -> 0 | S27: =SUM(R27/12) -> 0 | AG27: =SUM(U27:AF27) -> 0 | AH27: =SUM(AG27/12) -> 0
B28: =CONCATENATE("VAT ",D28*100,"% costs (add % to D28)") -> VAT 10% costs (add % to D28) | D28: 0.1 | R28: =SUM(F28:Q28) -> 0 | S28: =SUM(R28/12) -> 0 | AG28: =SUM(U28:AF28) -> 0
A29: Sales margin | F29: =F8-F24 -> 0 | G29: =G8-G24 -> 0 | H29: =H8-H24 -> 0 | I29: =I8-I24 -> 0 | J29: =J8-J24 -> 0 | K29: =K8-K24 -> 0 | L29: =L8-L24 -> 0 | M29: =M8-M24 -> 0 | ... Q29: =Q8-Q24 -> 0 | R29: =SUM(F29:Q29) -> 0 | S29: =SUM(R29/12) -> 0 | U29: =U8-U24 -> 0 | V29: =V8-V24 -> 0 | W29: =W8-W24 -> 0 | X29: =X8-X24 -> 0 | Y29: =Y8-Y24 -> 0 | Z29: =Z8-Z24 -> 0 | AA29: =AA8-AA24 -> 0 | AB29: =AB8-AB24 -> 0 | ... AF29: =AF8-AF24 -> 0 | AG29: =SUM(U29:AF29) -> 0 | AH29: =SUM(AG29/12) -> 0
A30: Sales margin % | F30: =IF(F8=0,"",F29/F8) | G30: =IF(G8=0,"",G29/G8) | H30: =IF(H8=0,"",H29/H8) | I30: =IF(I8=0,"",I29/I8) | J30: =IF(J8=0,"",J29/J8) | K30: =IF(K8=0,"",K29/K8) | L30: =IF(L8=0,"",L29/L8) | M30: =IF(M8=0,"",M29/M8) | ... Q30: =IF(Q8=0,"",Q29/Q8) | U30: =IF(U8=0,"",U29/U8) | V30: =IF(V8=0,"",V29/V8) | W30: =IF(W8=0,"",W29/W8) | X30: =IF(X8=0,"",X29/X8) | Y30: =IF(Y8=0,"",Y29/Y8) | Z30: =IF(Z8=0,"",Z29/Z8) | AA30: =IF(AA8=0,"",AA29/AA8) | AB30: =IF(AB8=0,"",AB29/AB8) | ... AF30: =IF(AF8=0,"",AF29/AF8)
A32: Other business revenues | F32: =SUM(F33:F34) -> 0 | G32: =SUM(G33:G34) -> 0 | H32: =SUM(H33:H34) -> 0 | I32: =SUM(I33:I34) -> 0 | J32: =SUM(J33:J34) -> 0 | K32: =SUM(K33:K34) -> 0 | L32: =SUM(L33:L34) -> 0 | M32: =SUM(M33:M34) -> 0 | ... Q32: =SUM(Q33:Q34) -> 0 | R32: =SUM(F32:Q32) -> 0 | S32: =SUM(R32/12) -> 0 | U32: =SUM(U33:U34) -> 0 | V32: =SUM(V33:V34) -> 0 | W32: =SUM(W33:W34) -> 0 | X32: =SUM(X33:X34) -> 0 | Y32: =SUM(Y33:Y34) -> 0 | Z32: =SUM(Z33:Z34) -> 0 | AA32: =SUM(AA33:AA34) -> 0 | AB32: =SUM(AB33:AB34) -> 0 | ... AF32: =SUM(AF33:AF34) -> 0 | AG32: =SUM(U32:AF32) -> 0 | AH32: =SUM(AG32/12) -> 0
C33: Source 1 | R33: =SUM(F33:Q33) -> 0 | S33: =R33/12 -> 0 | AG33: =SUM(U33:AF33) -> 0 | AH33: =AG33/12 -> 0
C34: Source 2 | R34: =SUM(F34:Q34) -> 0 | S34: =R34/12 -> 0 | AG34: =SUM(U34:AF34) -> 0 | AH34: =AG34/12 -> 0
A36: SALARIES (gross total) | R36: =SUM(F36:Q36) -> 0 | S36: =SUM(R36/12) -> 0 | AG36: =SUM(U36:AF36) -> 0 | AH36: =SUM(AG36/12) -> 0
B37: Payable salaries | F37: =F36-(F36*Instructions!$E$7) -> 0 | G37: =G36-(G36*Instructions!$E$7) -> 0 | H37: =H36-(H36*Instructions!$E$7) -> 0 | I37: =I36-(I36*Instructions!$E$7) -> 0 | J37: =J36-(J36*Instructions!$E$7) -> 0 | K37: =K36-(K36*Instructions!$E$7) -> 0 | L37: =L36-(L36*Instructions!$E$7) -> 0 | M37: =M36-(M36*Instructions!$E$7) -> 0 | ... Q37: =Q36-(Q36*Instructions!$E$7) -> 0 | R37: =SUM(F37:Q37) -> 0 | S37: =SUM(R37/12) -> 0 | U37: =U36-(U36*Instructions!$E$7) -> 0 | V37: =V36-(V36*Instructions!$E$7) -> 0 | W37: =W36-(W36*Instructions!$E$7) -> 0 | X37: =X36-(X36*Instructions!$E$7) -> 0 | Y37: =Y36-(Y36*Instructions!$E$7) -> 0 | Z37: =Z36-(Z36*Instructions!$E$7) -> 0 | AA37: =AA36-(AA36*Instructions!$E$7) -> 0 | AB37: =AB36-(AB36*Instructions!$E$7) -> 0 | ... AF37: =AF36-(AF36*Instructions!$E$7) -> 0 | AG37: =SUM(U37:AF37) -> 0 | AH37: =SUM(AG37/12) -> 0
B38: Indirect employee costs | F38: =(0.244)*F36 -> 0 | G38: =(0.244)*G36 -> 0 | H38: =(0.244)*H36 -> 0 | I38: =(0.244)*I36 -> 0 | J38: =(0.244)*J36 -> 0 | K38: =(0.244)*K36 -> 0 | L38: =(0.244)*L36 -> 0 | M38: =(0.244)*M36 -> 0 | ... Q38: =(0.244)*Q36 -> 0 | R38: =SUM(F38:Q38) -> 0 | S38: =SUM(R38/12) -> 0 | U38: =(0.244)*U36 -> 0 | V38: =(0.244)*V36 -> 0 | W38: =(0.244)*W36 -> 0 | X38: =(0.244)*X36 -> 0 | Y38: =(0.244)*Y36 -> 0 | Z38: =(0.244)*Z36 -> 0 | AA38: =(0.244)*AA36 -> 0 | AB38: =(0.244)*AB36 -> 0 | ... AF38: =(0.244)*AF36 -> 0 | AG38: =SUM(U38:AF38) -> 0 | AH38: =SUM(AG38/12) -> 0
B39: Employer payments | G39: =F36-F37 -> 0 | H39: =G36-G37 -> 0 | I39: =H36-H37 -> 0 | J39: =I36-I37 -> 0 | K39: =J36-J37 -> 0 | L39: =K36-K37 -> 0 | M39: =L36-L37 -> 0 | N39: =M36-M37 -> 0 | ... Q39: =P36-P37 -> 0 | R39: =SUM(F39:Q39) -> 0 | S39: =SUM(R39/12) -> 0 | U39: =Q36-Q37 -> 0 | V39: =U36-U37 -> 0 | W39: =V36-V37 -> 0 | X39: =W36-W37 -> 0 | Y39: =X36-X37 -> 0 | Z39: =Y36-Y37 -> 0 | AA39: =Z36-Z37 -> 0 | AB39: =AA36-AA37 -> 0 | AC39: =AB36-AB37 -> 0 | ... AF39: =AE36-AE37 -> 0 | AG39: =SUM(U39:AF39) -> 0 | AH39: =SUM(AG39/12) -> 0
B40: Voluntary personnel costs | R40: =SUM(F40:Q40) -> 0 | S40: =SUM(R40/12) -> 0 | AG40: =SUM(U40:AF40) -> 0 | AH40: =SUM(AG40/12) -> 0
A41: Personnel costs total | D41: total | F41: =SUM(F37:F40) -> 0 | G41: =SUM(G37:G40) -> 0 | H41: =SUM(H37:H40) -> 0 | I41: =SUM(I37:I40) -> 0 | J41: =SUM(J37:J40) -> 0 | K41: =SUM(K37:K40) -> 0 | L41: =SUM(L37:L40) -> 0 | M41: =SUM(M37:M40) -> 0 | ... Q41: =SUM(Q37:Q40) -> 0 | R41: =SUM(F41:Q41) -> 0 | S41: =SUM(R41/12) -> 0 | U41: =SUM(U37:U40) -> 0 | V41: =SUM(V37:V40) -> 0 | W41: =SUM(W37:W40) -> 0 | X41: =SUM(X37:X40) -> 0 | Y41: =SUM(Y37:Y40) -> 0 | Z41: =SUM(Z37:Z40) -> 0 | AA41: =SUM(AA37:AA40) -> 0 | AB41: =SUM(AB37:AB40) -> 0 | ... AF41: =SUM(AF37:AF40) -> 0 | AG41: =SUM(U41:AF41) -> 0 | AH41: =SUM(AG41/12) -> 0
A43: OTHER COSTS
B44: Facility rents | R44: =SUM(F44:Q44) -> 0 | S44: =SUM(R44/12) -> 0 | AG44: =SUM(U44:AF44) -> 0 | AH44: =SUM(AG44/12) -> 0
B45: Other rents (e.g. leasing) | R45: =SUM(F45:Q45) -> 0 | S45: =SUM(R45/12) -> 0 | AG45: =SUM(U45:AF45) -> 0 | AH45: =SUM(AG45/12) -> 0
B46: Travel costs | R46: =SUM(F46:Q46) -> 0 | S46: =SUM(R46/12) -> 0 | AG46: =SUM(U46:AF46) -> 0 | AH46: =SUM(AG46/12) -> 0
B47: Office services | R47: =SUM(F47:Q47) -> 0 | S47: =SUM(R47/12) -> 0 | AG47: =SUM(U47:AF47) -> 0 | AH47: =SUM(AG47/12) -> 0
B48: Representational costs | R48: =SUM(F48:Q48) -> 0 | S48: =SUM(R48/12) -> 0 | AG48: =SUM(U48:AF48) -> 0 | AH48: =SUM(AG48/12) -> 0
B49: Advertising costs, trade fairs | R49: =SUM(F49:Q49) -> 0 | S49: =SUM(R49/12) -> 0 | AG49: =SUM(U49:AF49) -> 0 | AH49: =SUM(AG49/12) -> 0
B50: Landline, fax, GSM | R50: =SUM(F50:Q50) -> 0 | S50: =SUM(R50/12) -> 0 | AG50: =SUM(U50:AF50) -> 0 | AH50: =SUM(AG50/12) -> 0
B51: Internet, telecommunications | R51: =SUM(F51:Q51) -> 0 | S51: =SUM(R51/12) -> 0 | AG51: =SUM(U51:AF51) -> 0 | AH51: =SUM(AG51/12) -> 0
B52: Accounting and auditing | R52: =SUM(F52:Q52) -> 0 | S52: =SUM(R52/12) -> 0 | AG52: =SUM(U52:AF52) -> 0 | AH52: =SUM(AG52/12) -> 0
B53: Insurance policies | R53: =SUM(F53:Q53) -> 0 | S53: =SUM(R53/12) -> 0 | AG53: =SUM(U53:AF53) -> 0 | AH53: =SUM(AG53/12) -> 0
B54: Freight | R54: =SUM(F54:Q54) -> 0 | S54: =SUM(R54/12) -> 0 | AG54: =SUM(U54:AF54) -> 0 | AH54: =SUM(AG54/12) -> 0
B55: Other costs including VAT | R55: =SUM(F55:Q55) -> 0 | S55: =SUM(R55/12) -> 0 | AG55: =SUM(U55:AF55) -> 0 | AH55: =SUM(AG55/12) -> 0
B56: =CONCATENATE("VAT ",D56*100,"% costs (add % to D56)") -> VAT 10% costs (add % to D56) | D56: 0.1 | R56: =SUM(F56:Q56) -> 0 | S56: =SUM(R56/12) -> 0 | AG56: =SUM(U56:AF56) -> 0 | AH56: =SUM(AG56/12) -> 0
B57: Other costs without VAT | R57: =SUM(F57:Q57) -> 0 | S57: =SUM(R57/12) -> 0 | AG57: =SUM(U57:AF57) -> 0 | AH57: =SUM(AG57/12) -> 0
B58: Interest costs | R58: =SUM(F58:Q58) -> 0 | S58: =SUM(R58/12) -> 0 | AG58: =SUM(U58:AF58) -> 0 | AH58: =SUM(AG58/12) -> 0
B59: Other financing costs | R59: =SUM(F59:Q59) -> 0 | S59: =SUM(R59/12) -> 0 | AG59: =SUM(U59:AF59) -> 0 | AH59: =SUM(AG59/12) -> 0
B60: Other costs total | D60: total | F60: =SUM(F44:F59) -> 0 | G60: =SUM(G44:G59) -> 0 | H60: =SUM(H44:H59) -> 0 | I60: =SUM(I44:I59) -> 0 | J60: =SUM(J44:J59) -> 0 | K60: =SUM(K44:K59) -> 0 | L60: =SUM(L44:L59) -> 0 | M60: =SUM(M44:M59) -> 0 | ... Q60: =SUM(Q44:Q59) -> 0 | R60: =SUM(R44:R54) -> 0 | S60: =SUM(R60/12) -> 0 | U60: =SUM(U44:U59) -> 0 | V60: =SUM(V44:V59) -> 0 | W60: =SUM(W44:W59) -> 0 | X60: =SUM(X44:X59) -> 0 | Y60: =SUM(Y44:Y59) -> 0 | Z60: =SUM(Z44:Z59) -> 0 | AA60: =SUM(AA44:AA59) -> 0 | AB60: =SUM(AB44:AB59) -> 0 | ... AF60: =SUM(AF44:AF59) -> 0 | AG60: =SUM(AG44:AG54) -> 0 | AH60: =SUM(AG60/12) -> 0
B62: Investments
C63: Machinery and equipment | R63: =SUM(F63:Q63) -> 0 | S63: =SUM(R63/12) -> 0 | AG63: =SUM(U63:AF63) -> 0 | AH63: =SUM(AG63/12) -> 0
C64: Office furniture | R64: =SUM(F64:Q64) -> 0 | S64: =SUM(R64/12) -> 0 | AG64: =SUM(U64:AF64) -> 0 | AH64: =SUM(AG64/12) -> 0
C65: Buildings | R65: =SUM(F65:Q65) -> 0 | S65: =SUM(R65/12) -> 0 | AG65: =SUM(U65:AF65) -> 0 | AH65: =SUM(AG65/12) -> 0
C66: Total | D66: total | F66: =SUM(F63:F65) -> 0 | G66: =SUM(G63:G65) -> 0 | H66: =SUM(H63:H65) -> 0 | I66: =SUM(I63:I65) -> 0 | J66: =SUM(J63:J65) -> 0 | K66: =SUM(K63:K65) -> 0 | L66: =SUM(L63:L65) -> 0 | M66: =SUM(M63:M65) -> 0 | ... R66: =SUM(R63:R65) -> 0 | S66: =R66/12 -> 0 | U66: =SUM(U63:U65) -> 0 | V66: =SUM(V63:V65) -> 0 | W66: =SUM(W63:W65) -> 0 | X66: =SUM(X63:X65) -> 0 | Y66: =SUM(Y63:Y65) -> 0 | Z66: =SUM(Z63:Z65) -> 0 | AA66: =SUM(AA63:AA65) -> 0 | AB66: =SUM(AB63:AB65) -> 0 | ... AG66: =SUM(AG63:AG65) -> 0 | AH66: =AG66/12 -> 0
A68: Loan amortisations | R68: =SUM(F68:Q68) -> 0 | S68: =SUM(R68/12) -> 0 | AG68: =SUM(U68:AF68) -> 0 | AH68: =SUM(AG68/12) -> 0
A69: VAT (enter on row 131) | F69: =IF(F131<0,0,F131) -> 0 | G69: =IF(G131<0,0,G131) -> 0 | H69: =IF(H131<0,0,H131) -> 0 | I69: =IF(I131<0,0,I131) -> 0 | J69: =IF(J131<0,0,J131) -> 0 | K69: =IF(K131<0,0,K131) -> 0 | L69: =IF(L131<0,0,L131) -> 0 | M69: =IF(M131<0,0,M131) -> 0 | ... Q69: =IF(Q131<0,0,Q131) -> 0 | R69: =SUM(F69:Q69) -> 0 | S69: =SUM(R69/12) -> 0 | U69: =IF(U131<0,0,U131) -> 0 | V69: =IF(V131<0,0,V131) -> 0 | W69: =IF(W131<0,0,W131) -> 0 | X69: =IF(X131<0,0,X131) -> 0 | Y69: =IF(Y131<0,0,Y131) -> 0 | Z69: =IF(Z131<0,0,Z131) -> 0 | AA69: =IF(AA131<0,0,AA131) -> 0 | AB69: =IF(AB131<0,0,AB131) -> 0 | ... AF69: =IF(AF131<0,0,AF131) -> 0 | AG69: =SUM(U69:AF69) -> 0 | AH69: =SUM(AG69/12) -> 0
A70: VAT refunds | F70: =IF(F131>0,0,F131*-1) -> 0 | G70: =IF(G131>0,0,G131*-1) -> 0 | H70: =IF(H131>0,0,H131*-1) -> 0 | I70: =IF(I131>0,0,I131*-1) -> 0 | J70: =IF(J131>0,0,J131*-1) -> 0 | K70: =IF(K131>0,0,K131*-1) -> 0 | L70: =IF(L131>0,0,L131*-1) -> 0 | M70: =IF(M131>0,0,M131*-1) -> 0 | ... Q70: =IF(Q131>0,0,Q131*-1) -> 0 | R70: =SUM(F70:Q70) -> 0 | S70: =SUM(R70/12) -> 0 | U70: =IF(U131>0,0,U131*-1) -> 0 | V70: =IF(V131>0,0,V131*-1) -> 0 | W70: =IF(W131>0,0,W131*-1) -> 0 | X70: =IF(X131>0,0,X131*-1) -> 0 | Y70: =IF(Y131>0,0,Y131*-1) -> 0 | Z70: =IF(Z131>0,0,Z131*-1) -> 0 | AA70: =IF(AA131>0,0,AA131*-1) -> 0 | AB70: =IF(AB131>0,0,AB131*-1) -> 0 | ... AF70: =IF(AF131>0,0,AF131*-1) -> 0 | AG70: =SUM(U70:AF70) -> 0 | AH70: =SUM(AG70/12) -> 0
A71: Other taxes | R71: =SUM(F71:Q71) -> 0 | S71: =SUM(R71/12) -> 0 | AG71: =SUM(U71:AF71) -> 0 | AH71: =SUM(AG71/12) -> 0
B73: TOTAL REVENUE | F73: =SUM(F8,F32,F70) -> 0 | G73: =SUM(G8,G32,G70) -> 0 | H73: =SUM(H8,H32,H70) -> 0 | I73: =SUM(I8,I32,I70) -> 0 | J73: =SUM(J8,J32,J70) -> 0 | K73: =SUM(K8,K32,K70) -> 0 | L73: =SUM(L8,L32,L70) -> 0 | M73: =SUM(M8,M32,M70) -> 0 | ... Q73: =SUM(Q8,Q32,Q70) -> 0 | R73: =SUM(F73:Q73) -> 0 | S73: =SUM(R73/12) -> 0 | U73: =SUM(U8,U32) -> 0 | V73: =SUM(V8,V32) -> 0 | W73: =SUM(W8,W32) -> 0 | X73: =SUM(X8,X32) -> 0 | Y73: =SUM(Y8,Y32) -> 0 | Z73: =SUM(Z8,Z32) -> 0 | AA73: =SUM(AA8,AA32) -> 0 | AB73: =SUM(AB8,AB32) -> 0 | ... AF73: =SUM(AF8,AF32) -> 0 | AG73: =SUM(U73:AF73) -> 0 | AH73: =SUM(AG73/12) -> 0
B74: TOTAL SPENDING | F74: =SUM(F24,F41,F60,F66,F68,F69,F71) -> 0 | G74: =SUM(G24,G41,G60,G66,G68,G69,G71) -> 0 | H74: =SUM(H24,H41,H60,H66,H68,H69,H71) -> 0 | I74: =SUM(I24,I41,I60,I66,I68,I69,I71) -> 0 | J74: =SUM(J24,J41,J60,J66,J68,J69,J71) -> 0 | K74: =SUM(K24,K41,K60,K66,K68,K69,K71) -> 0 | L74: =SUM(L24,L41,L60,L66,L68,L69,L71) -> 0 | M74: =SUM(M24,M41,M60,M66,M68,M69,M71) -> 0 | ... Q74: =SUM(Q24,Q41,Q60,Q66,Q68,Q69,Q71) -> 0 | R74: =SUM(F74:Q74) -> 0 | S74: =SUM(R74/12) -> 0 | U74: =SUM(U24,U41,U60,U66,U68,U69,U71) -> 0 | V74: =SUM(V24,V41,V60,V66,V68,V69,V71) -> 0 | W74: =SUM(W24,W41,W60,W66,W68,W69,W71) -> 0 | X74: =SUM(X24,X41,X60,X66,X68,X69,X71) -> 0 | Y74: =SUM(Y24,Y41,Y60,Y66,Y68,Y69,Y71) -> 0 | Z74: =SUM(Z24,Z41,Z60,Z66,Z68,Z69,Z71) -> 0 | AA74: =SUM(AA24,AA41,AA60,AA66,AA68,AA69,AA71) -> 0 | AB74: =SUM(AB24,AB41,AB60,AB66,AB68,AB69,AB71) -> 0 | ... AF74: =SUM(AF24,AF41,AF60,AF66,AF68,AF69,AF71) -> 0 | AG74: =SUM(U74:AF74) -> 0 | AH74: =SUM(AG74/12) -> 0
B75: DIFFERENCE +/- | F75: =SUM(F73-F74) -> 0 | G75: =SUM(G73-G74) -> 0 | H75: =SUM(H73-H74) -> 0 | I75: =SUM(I73-I74) -> 0 | J75: =SUM(J73-J74) -> 0 | K75: =SUM(K73-K74) -> 0 | L75: =SUM(L73-L74) -> 0 | M75: =SUM(M73-M74) -> 0 | ... Q75: =SUM(Q73-Q74) -> 0 | R75: =SUM(F75:Q75) -> 0 | S75: =SUM(R75/12) -> 0 | U75: =SUM(U73-U74) -> 0 | V75: =SUM(V73-V74) -> 0 | W75: =SUM(W73-W74) -> 0 | X75: =SUM(X73-X74) -> 0 | Y75: =SUM(Y73-Y74) -> 0 | Z75: =SUM(Z73-Z74) -> 0 | AA75: =SUM(AA73-AA74) -> 0 | AB75: =SUM(AB73-AB74) -> 0 | ... AF75: =SUM(AF73-AF74) -> 0 | AG75: =SUM(U75:AF75) -> 0 | AH75: =SUM(AG75/12) -> 0
B77: TOTAL GRANTS | R77: =SUM(F77:Q77) -> 0 | S77: =SUM(R77/12) -> 0 | AG77: =SUM(U77:AF77) -> 0 | AH77: =SUM(AG77/12) -> 0
B78: DIFFERENCE +/- | F78: =F75+F77 -> 0 | G78: =G75+G77 -> 0 | H78: =H75+H77 -> 0 | I78: =I75+I77 -> 0 | J78: =J75+J77 -> 0 | K78: =K75+K77 -> 0 | L78: =L75+L77 -> 0 | M78: =M75+M77 -> 0 | ... Q78: =Q75+Q77 -> 0 | R78: =SUM(F78:Q78) -> 0 | S78: =SUM(R78/12) -> 0 | U78: =U75+U77 -> 0 | V78: =V75+V77 -> 0 | W78: =W75+W77 -> 0 | X78: =X75+X77 -> 0 | Y78: =Y75+Y77 -> 0 | Z78: =Z75+Z77 -> 0 | AA78: =AA75+AA77 -> 0 | AB78: =AB75+AB77 -> 0 | ... AF78: =AF75+AF77 -> 0 | AG78: =SUM(U78:AF78) -> 0 | AH78: =SUM(AG78/12) -> 0
B80: LOAN DISBURSEMENTS | R80: =SUM(F80:Q80) -> 0 | S80: =SUM(R80/12) -> 0 | AG80: =SUM(U80:AF80) -> 0 | AH80: =SUM(AG80/12) -> 0
B81: DIFFERENCE +/- | F81: =F78+F80 -> 0 | G81: =G78+G80 -> 0 | H81: =H78+H80 -> 0 | I81: =I78+I80 -> 0 | J81: =J78+J80 -> 0 | K81: =K78+K80 -> 0 | L81: =L78+L80 -> 0 | M81: =M78+M80 -> 0 | ... Q81: =Q78+Q80 -> 0 | R81: =SUM(F81:Q81) -> 0 | S81: =SUM(R81/12) -> 0 | U81: =U78+U80 -> 0 | V81: =V78+V80 -> 0 | W81: =W78+W80 -> 0 | X81: =X78+X80 -> 0 | Y81: =Y78+Y80 -> 0 | Z81: =Z78+Z80 -> 0 | AA81: =AA78+AA80 -> 0 | AB81: =AB78+AB80 -> 0 | ... AF81: =AF78+AF80 -> 0 | AG81: =SUM(U81:AF81) -> 0 | AH81: =SUM(AG81/12) -> 0
B83: CAPITAL INVESTMENTS
C84: Equity | R84: =SUM(F84:Q84) -> 0 | S84: =SUM(R84/12) -> 0 | AG84: =SUM(U84:AF84) -> 0 | AH84: =SUM(AG84/12) -> 0
C85: Equity loans | R85: =SUM(F85:Q85) -> 0 | S85: =SUM(R85/12) -> 0 | AG85: =SUM(U85:AF85) -> 0 | AH85: =SUM(AG85/12) -> 0
B86: DIFFERENCE +/- | F86: =F81+F84+F85 -> 0 | G86: =G81+G84+G85 -> 0 | H86: =H81+H84+H85 -> 0 | I86: =I81+I84+I85 -> 0 | J86: =J81+J84+J85 -> 0 | K86: =K81+K84+K85 -> 0 | L86: =L81+L84+L85 -> 0 | M86: =M81+M84+M85 -> 0 | ... Q86: =Q81+Q84+Q85 -> 0 | R86: =SUM(F86:Q86) -> 0 | S86: =SUM(R86/12) -> 0 | U86: =U81+U84+U85 -> 0 | V86: =V81+V84+V85 -> 0 | W86: =W81+W84+W85 -> 0 | X86: =X81+X84+X85 -> 0 | Y86: =Y81+Y84+Y85 -> 0 | Z86: =Z81+Z84+Z85 -> 0 | AA86: =AA81+AA84+AA85 -> 0 | AB86: =AB81+AB84+AB85 -> 0 | ... AF86: =AF81+AF84+AF85 -> 0 | AG86: =SUM(U86:AF86) -> 0 | AH86: =SUM(AG86/12) -> 0
B88: MONTHLY STARTING CASH | F88: 0 | G88: =F89 -> 0 | H88: =G89 -> 0 | I88: =H89 -> 0 | J88: =I89 -> 0 | K88: =J89 -> 0 | L88: =K89 -> 0 | M88: =L89 -> 0 | N88: =M89 -> 0 | ... Q88: =P89 -> 0 | U88: =Q89 -> 0 | V88: =U89 -> 0 | W88: =V89 -> 0 | X88: =W89 -> 0 | Y88: =X89 -> 0 | Z88: =Y89 -> 0 | AA88: =Z89 -> 0 | AB88: =AA89 -> 0 | AC88: =AB89 -> 0 | ... AF88: =AE89 -> 0
B89: MONTHLY END CASH | F89: =SUM(F88+F73-F74+F77+F80+F84+F85) -> 0 | G89: =SUM(G88+G73-G74+G77+G80+G84+G85) -> 0 | H89: =SUM(H88+H73-H74+H77+H80+H84+H85) -> 0 | I89: =SUM(I88+I73-I74+I77+I80+I84+I85) -> 0 | J89: =SUM(J88+J73-J74+J77+J80+J84+J85) -> 0 | K89: =SUM(K88+K73-K74+K77+K80+K84+K85) -> 0 | L89: =SUM(L88+L73-L74+L77+L80+L84+L85) -> 0 | M89: =SUM(M88+M73-M74+M77+M80+M84+M85) -> 0 | ... Q89: =SUM(Q88+Q73-Q74+Q77+Q80+Q84+Q85) -> 0 | S89: Note! The per month row | U89: =SUM(U88+U73-U74+U77+U80+U84+U85) -> 0 | V89: =SUM(V88+V73-V74+V77+V80+V84+V85) -> 0 | W89: =SUM(W88+W73-W74+W77+W80+W84+W85) -> 0 | X89: =SUM(X88+X73-X74+X77+X80+X84+X85) -> 0 | Y89: =SUM(Y88+Y73-Y74+Y77+Y80+Y84+Y85) -> 0 | Z89: =SUM(Z88+Z73-Z74+Z77+Z80+Z84+Z85) -> 0 | AA89: =SUM(AA88+AA73-AA74+AA77+AA80+AA84+AA85) -> 0 | AB89: =SUM(AB88+AB73-AB74+AB77+AB80+AB84+AB85) -> 0 | ... AF89: =SUM(AF88+AF73-AF74+AF77+AF80+AF84+AF85) -> 0 | AH89: Note! The per month row
S90: is the average for 12 months | AH90: is the average for 12 months
F91: month | G91: month | H91: month | I91: month | J91: month | K91: month | L91: month | M91: month | N91: month | O91: month | P91: month | Q91: month | U91: month | V91: month | W91: month | X91: month | Y91: month | Z91: month | AA91: month | AB91: month | AC91: month | AD91: month | AE91: month | AF91: month
B93: OWN CAPITAL AT THE START OF THE MONTH | G93: =F95 -> 0 | H93: =G95 -> 0 | I93: =H95 -> 0 | J93: =I95 -> 0 | K93: =J95 -> 0 | L93: =K95 -> 0 | M93: =L95 -> 0 | N93: =M95 -> 0 | ... Q93: =P95 -> 0 | U93: =Q95 -> 0 | V93: =U95 -> 0 | W93: =V95 -> 0 | X93: =W95 -> 0 | Y93: =X95 -> 0 | Z93: =Y95 -> 0 | AA93: =Z95 -> 0 | AB93: =AA95 -> 0 | AC93: =AB95 -> 0 | ... AF93: =AE95 -> 0
C94: Depreciations | R94: =SUM(F94:Q94) -> 0 | AG94: =SUM(U94:AF94) -> 0
B95: OWN CAPITAL AT THE END OF THE MONTH | F95: =F93-F94 -> 0 | G95: =G93-G94 -> 0 | H95: =H93-H94 -> 0 | I95: =I93-I94 -> 0 | J95: =J93-J94 -> 0 | K95: =K93-K94 -> 0 | L95: =L93-L94 -> 0 | M95: =M93-M94 -> 0 | ... Q95: =Q93-Q94 -> 0 | U95: =U93-U94 -> 0 | V95: =V93-V94 -> 0 | W95: =W93-W94 -> 0 | X95: =X93-X94 -> 0 | Y95: =Y93-Y94 -> 0 | Z95: =Z93-Z94 -> 0 | AA95: =AA93-AA94 -> 0 | AB95: =AB93-AB94 -> 0 | ... AF95: =AF93-AF94 -> 0
B97: ACCOUNTING RESULT
B98: OBJECTIVE
A101: CALCULATIONS FOR GRAPHS -------->
B104: CASH
C105: BUSINESS
C106: - Starting cash | F106: =F88 -> 0 | G106: =F107 -> 0 | H106: =G107 -> 0 | I106: =H107 -> 0 | J106: =I107 -> 0 | K106: =J107 -> 0 | L106: =K107 -> 0 | M106: =L107 -> 0 | N106: =M107 -> 0 | ... Q106: =P107 -> 0 | U106: =U88 -> 0 | V106: =U107 -> 0 | W106: =V107 -> 0 | X106: =W107 -> 0 | Y106: =X107 -> 0 | Z106: =Y107 -> 0 | AA106: =Z107 -> 0 | AB106: =AA107 -> 0 | AC106: =AB107 -> 0 | ... AF106: =AE107 -> 0
C107: - End cash | F107: =F106+F75 -> 0 | G107: =G106+G75 -> 0 | H107: =H106+H75 -> 0 | I107: =I106+I75 -> 0 | J107: =J106+J75 -> 0 | K107: =K106+K75 -> 0 | L107: =L106+L75 -> 0 | M107: =M106+M75 -> 0 | ... Q107: =Q106+Q75 -> 0 | U107: =U106+U75 -> 0 | V107: =V106+V75 -> 0 | W107: =W106+W75 -> 0 | X107: =X106+X75 -> 0 | Y107: =Y106+Y75 -> 0 | Z107: =Z106+Z75 -> 0 | AA107: =AA106+AA75 -> 0 | AB107: =AB106+AB75 -> 0 | ... AF107: =AF106+AF75 -> 0
C109: GRANTS
C110: - Starting cash | F110: =F88 -> 0 | G110: =F111 -> 0 | H110: =G111 -> 0 | I110: =H111 -> 0 | J110: =I111 -> 0 | K110: =J111 -> 0 | L110: =K111 -> 0 | M110: =L111 -> 0 | N110: =M111 -> 0 | ... Q110: =P111 -> 0 | U110: =U88 -> 0 | V110: =U111 -> 0 | W110: =V111 -> 0 | X110: =W111 -> 0 | Y110: =X111 -> 0 | Z110: =Y111 -> 0 | AA110: =Z111 -> 0 | AB110: =AA111 -> 0 | AC110: =AB111 -> 0 | ... AF110: =AE111 -> 0
C111: - End cash | F111: =F110+F75+F77 -> 0 | G111: =G110+G75+G77 -> 0 | H111: =H110+H75+H77 -> 0 | I111: =I110+I75+I77 -> 0 | J111: =J110+J75+J77 -> 0 | K111: =K110+K75+K77 -> 0 | L111: =L110+L75+L77 -> 0 | M111: =M110+M75+M77 -> 0 | ... Q111: =Q110+Q75+Q77 -> 0 | U111: =U110+U75+U77 -> 0 | V111: =V110+V75+V77 -> 0 | W111: =W110+W75+W77 -> 0 | X111: =X110+X75+X77 -> 0 | Y111: =Y110+Y75+Y77 -> 0 | Z111: =Z110+Z75+Z77 -> 0 | AA111: =AA110+AA75+AA77 -> 0 | AB111: =AB110+AB75+AB77 -> 0 | ... AF111: =AF110+AF75+AF77 -> 0
C113: LOANS
C114: - Starting cash | F114: =F88 -> 0 | G114: =F115 -> 0 | H114: =G115 -> 0 | I114: =H115 -> 0 | J114: =I115 -> 0 | K114: =J115 -> 0 | L114: =K115 -> 0 | M114: =L115 -> 0 | N114: =M115 -> 0 | ... Q114: =P115 -> 0 | U114: =U88 -> 0 | V114: =U115 -> 0 | W114: =V115 -> 0 | X114: =W115 -> 0 | Y114: =X115 -> 0 | Z114: =Y115 -> 0 | AA114: =Z115 -> 0 | AB114: =AA115 -> 0 | AC114: =AB115 -> 0 | ... AF114: =AE115 -> 0
C115: - End cash | F115: =F114+F75+F77+F80 -> 0 | G115: =G114+G75+G77+G80 -> 0 | H115: =H114+H75+H77+H80 -> 0 | I115: =I114+I75+I77+I80 -> 0 | J115: =J114+J75+J77+J80 -> 0 | K115: =K114+K75+K77+K80 -> 0 | L115: =L114+L75+L77+L80 -> 0 | M115: =M114+M75+M77+M80 -> 0 | ... Q115: =Q114+Q75+Q77+Q80 -> 0 | U115: =U114+U75+U77+U80 -> 0 | V115: =V114+V75+V77+V80 -> 0 | W115: =W114+W75+W77+W80 -> 0 | X115: =X114+X75+X77+X80 -> 0 | Y115: =Y114+Y75+Y77+Y80 -> 0 | Z115: =Z114+Z75+Z77+Z80 -> 0 | AA115: =AA114+AA75+AA77+AA80 -> 0 | AB115: =AB114+AB75+AB77+AB80 -> 0 | ... AF115: =AF114+AF75+AF77+AF80 -> 0
B117: CASH-FLOW CALCULATION RESULT
C118: BUSINESS | F118: =F75 -> 0 | G118: =F118+G75 -> 0 | H118: =G118+H75 -> 0 | I118: =H118+I75 -> 0 | J118: =I118+J75 -> 0 | K118: =J118+K75 -> 0 | L118: =K118+L75 -> 0 | M118: =L118+M75 -> 0 | N118: =M118+N75 -> 0 | ... Q118: =P118+Q75 -> 0 | U118: =U75 -> 0 | V118: =U118+V75 -> 0 | W118: =V118+W75 -> 0 | X118: =W118+X75 -> 0 | Y118: =X118+Y75 -> 0 | Z118: =Y118+Z75 -> 0 | AA118: =Z118+AA75 -> 0 | AB118: =AA118+AB75 -> 0 | AC118: =AB118+AC75 -> 0 | ... AF118: =AE118+AF75 -> 0
C119: GRANTS | F119: =F78 -> 0 | G119: =F119+G78 -> 0 | H119: =G119+H78 -> 0 | I119: =H119+I78 -> 0 | J119: =I119+J78 -> 0 | K119: =J119+K78 -> 0 | L119: =K119+L78 -> 0 | M119: =L119+M78 -> 0 | N119: =M119+N78 -> 0 | ... Q119: =P119+Q78 -> 0 | U119: =U78 -> 0 | V119: =U119+V78 -> 0 | W119: =V119+W78 -> 0 | X119: =W119+X78 -> 0 | Y119: =X119+Y78 -> 0 | Z119: =Y119+Z78 -> 0 | AA119: =Z119+AA78 -> 0 | AB119: =AA119+AB78 -> 0 | AC119: =AB119+AC78 -> 0 | ... AF119: =AE119+AF78 -> 0
C120: LOANS | F120: =F81 -> 0 | G120: =F120+G81 -> 0 | H120: =G120+H81 -> 0 | I120: =H120+I81 -> 0 | J120: =I120+J81 -> 0 | K120: =J120+K81 -> 0 | L120: =K120+L81 -> 0 | M120: =L120+M81 -> 0 | N120: =M120+N81 -> 0 | ... Q120: =P120+Q81 -> 0 | U120: =U81 -> 0 | V120: =U120+V81 -> 0 | W120: =V120+W81 -> 0 | X120: =W120+X81 -> 0 | Y120: =X120+Y81 -> 0 | Z120: =Y120+Z81 -> 0 | AA120: =Z120+AA81 -> 0 | AB120: =AA120+AB81 -> 0 | AC120: =AB120+AC81 -> 0 | ... AF120: =AE120+AF81 -> 0
C121: CAPITAL | F121: =F86 -> 0 | G121: =F121+G86 -> 0 | H121: =G121+H86 -> 0 | I121: =H121+I86 -> 0 | J121: =I121+J86 -> 0 | K121: =J121+K86 -> 0 | L121: =K121+L86 -> 0 | M121: =L121+M86 -> 0 | N121: =M121+N86 -> 0 | ... Q121: =P121+Q86 -> 0 | U121: =U86 -> 0 | V121: =U121+V86 -> 0 | W121: =V121+W86 -> 0 | X121: =W121+X86 -> 0 | Y121: =X121+Y86 -> 0 | Z121: =Y121+Z86 -> 0 | AA121: =Z121+AA86 -> 0 | AB121: =AA121+AB86 -> 0 | AC121: =AB121+AC86 -> 0 | ... AF121: =AE121+AF86 -> 0
B124: CASH SUFFICIENCY | F124: =IF(F74=0,0,F89/(3*F74)) -> 0 | G124: =IF(F74+G74*2=0,0,G89/(F74+G74*2)) -> 0 | H124: =IF(SUM(F74:H74)=0,0,H89/(SUM(F74:H74))) -> 0 | I124: =IF(SUM(G74:I74)=0,0,I89/(SUM(G74:I74))) -> 0 | J124: =IF(SUM(H74:J74)=0,0,J89/(SUM(H74:J74))) -> 0 | K124: =IF(SUM(I74:K74)=0,0,K89/(SUM(I74:K74))) -> 0 | L124: =IF(SUM(J74:L74)=0,0,L89/(SUM(J74:L74))) -> 0 | M124: =IF(SUM(K74:M74)=0,0,M89/(SUM(K74:M74))) -> 0 | N124: =IF(SUM(L74:N74)=0,0,N89/(SUM(L74:N74))) -> 0 | O124: =IF(SUM(M74:O74)=0,0,O89/(SUM(M74:O74))) -> 0 | ... Q124: =IF(SUM(O74:Q74)=0,0,Q89/(SUM(O74:Q74))) -> 0 | U124: =IF(SUM(O74:Q74)=0,0,U89/(SUM(O74:Q74))) -> 0 | V124: =IF(SUM(P74:R74)=0,0,V89/(SUM(P74:R74))) -> 0 | W124: =IF(SUM(Q74:S74)=0,0,W89/(SUM(Q74:S74))) -> 0 | X124: =IF(SUM(R74:T74)=0,0,X89/(SUM(R74:T74))) -> 0 | Y124: =IF(SUM(S74:U74)=0,0,Y89/(SUM(S74:U74))) -> 0 | Z124: =IF(SUM(T74:V74)=0,0,Z89/(SUM(T74:V74))) -> 0 | AA124: =IF(SUM(U74:W74)=0,0,AA89/(SUM(U74:W74))) -> 0 | AB124: =IF(SUM(V74:X74)=0,0,AB89/(SUM(V74:X74))) -> 0 | ... AF124: =IF(SUM(Z74:AB74)=0,0,AF89/(SUM(Z74:AB74))) -> 0
...

Sheet Graphs, 1st year
A1: Cash-flow calculation graphs, 1st year | F1: Graph instructions
A3: Cash-flow calculation result (cumulative) | J3: Cash (cumulative)
A25: Accounting result (/month) | J25: Own capital
A47: Objective vs. actual cash | K47: Cash sufficiency
K49: Month | L49: Index | N49: Index value | O49: Description | P49: Colour
K50: 1 | L50: =Cash!F124 -> 0 | N50: Over 2.0 | O50: Cash sufficient for over 6 months | P50: Green
K51: 2 | L51: =Cash!G124 -> 0 | N51: 1.0‒2.0 | O51: Cash sufficient for 3‒6 months | P51: Green
K52: 3 | L52: =Cash!H124 -> 0 | N52: 0.3‒1.0 | O52: Cash sufficient for 1‒3 months | P52: Yellow
K53: 4 | L53: =Cash!I124 -> 0 | N53: Under 0.3 | O53: Cash sufficient for less than 1 month | P53: Red
K54: 5 | L54: =Cash!J124 -> 0
K55: 6 | L55: =Cash!K124 -> 0 | N55: Calculation method:
K56: 7 | L56: =Cash!L124 -> 0 | N56: Cash / the sum of the previous 3 months’ costs
K57: 8 | L57: =Cash!M124 -> 0
K58: 9 | L58: =Cash!N124 -> 0
K59: 10 | L59: =Cash!O124 -> 0
K60: 11 | L60: =Cash!P124 -> 0
K61: 12 | L61: =Cash!Q124 -> 0

Sheet Graphs, 2nd year
A1: Cash-flow calculation graphs, 2nd year | F1: Graph instructions
A3: Cash-flow calculation result (cumulative) | J3: Cash (cumulative)
A25: Accounting result (/month) | J25: Own capital
A47: Objective vs. actual cash | K47: Cash sufficiency
K49: Month | L49: Index | N49: Index value | O49: Description | P49: Colour
K50: 1 | L50: =Cash!U124 -> 0 | N50: Over 2.0 | O50: Cash sufficient for over 6 months | P50: Green
K51: 2 | L51: =Cash!V124 -> 0 | N51: 1.0‒2.0 | O51: Cash sufficient for 3‒6 months | P51: Green
K52: 3 | L52: =Cash!W124 -> 0 | N52: 0.3‒1.0 | O52: Cash sufficient for 1‒3 months | P52: Yellow
K53: 4 | L53: =Cash!X124 -> 0 | N53: Under 0.3 | O53: Cash sufficient for less than 1 month | P53: Red
K54: 5 | L54: =Cash!Y124 -> 0
K55: 6 | L55: =Cash!Z124 -> 0 | N55: Calculation method:
K56: 7 | L56: =Cash!AA124 -> 0 | N56: Cash / the sum of the previous 3 months’ costs
K57: 8 | L57: =Cash!AB124 -> 0
K58: 9 | L58: =Cash!AC124 -> 0
K59: 10 | L59: =Cash!AD124 -> 0
K60: 11 | L60: =Cash!AE124 -> 0
K61: 12 | L61: =Cash!AF124 -> 0

Sheet Instructions
A2: Cash-flow calculation instructions | D2: Company-specific values of the cash-flow calculation
D4: The formulas of the cash-flow calculation use the company-specific
D5: values specified here
D7: Withholding tax 27% + social security 1.08% = | E7: =0.27+0.0108 -> 0.2808
D8: Sales VAT % | E8: 0.24
D9: Purchasing VAT % | E9: 0.24
D11: Note: modify VATs based on your country policy. The programme atomatically calculates it
A16: Entry instructions
A18: Calculation item | B18: Instructions
A19: Salaries (gross) | B19: Salaries without indirect employee costs and employer payments. Payable holiday pays and bonuses are entered as salaries for July. Holiday pay calculation: (monthly salary / 25) x holiday days/month x 12 months Holiday bonus calculation: 50% x holiday pay
A20: Indirect employee costs | B20: TyEL (pension insurance for employees) and YEL (pension insurance for entrepreneurs) costs are entered as indirect employee costs. The formulas calculate all employees’ indirect costs with the TyEL percentage (24.4%). Please note that YEL payments are made as agreed. When the actual YEL/TyEL costs/month are known (as calculated by the pension insurance company), the formulas are replaced with the actual indirect costs. If new employees are hired during the fiscal period, the indirect costs must be corrected so that they correspond with the salaries.
A21: Withholding tax, on average 30% | B21: If necessary, the withholding tax percentage can be changed under Detailed withholding tax % on the Instructions tab
A22: Employer payments (10th day) | B22: Withholding tax 27% + social security 1.08%. The formulas of the calculation can be replaced with actual employer payments
A23: Voluntary personnel costs
A24: Office rent | B24: Office rent and any negotiation room rents and other facility rents
A25: Other rents (e.g. leasing) | B25: E.g. computer leasing payments
A26: Office services | B26: E.g. lobby services, cleaning, etc.
A27: Representational costs
A28: Advertising costs, trade fairs
A29: Landline, fax, GSM
A30: Internet, telecommunications | B30: E.g. internet connection
A31: Accounting and auditing
A32: Insurance policies | B32: The company’s property insurance policies, e.g. fire, theft or administrative liability insurance, etc. No obligatory personnel-related insurances entered here. Those are entered under Indirect employee costs.
A33: Freight
A34: Materials and supplies
A35: External services
A36: Other costs excluding VAT | B36: E.g. foreign trade
A37: Investments
A38: VAT | B38: VAT is paid on the 15th day of the month. A VAT estimate can be found at the end of the cash-flow table. Payable VAT must be entered in connection with the estimate on row 131, from where it is retrieved onto row 69 under costs
A39: Other taxes | B39: Withholding tax is paid on the 23rd day of the month
A40: Tekes (Finnish Funding Agency for Innovation) grant portion | B40: No loans or subordinated loans. Those are entered under Loan disbursements
A41: Share capital
A42: Monthly starting cash | B42: Cash situation on the 1st day of the month. The cash situation is entered for the first month of the calculation. From there on, the cash situation at the end of the month is calculated based on revenues and costs. The cash situation at the start of the month is automatically that of the previous month
A43: Monthly end cash | B43: Cash situation on the last day of the month. Calculated automatically based on the revenues and costs of the month
A44: Accounting result | B44: Monthly result received from accounting, must be entered. Please note that the result of the cash-flow calculation is always different and can be very different from the accounting result, as the result of the cash-flow calculation includes investments but not depreciations, income and costs based on currency movement and not on an accruals basis, and so on
A45: Objective | B45: Objective cash situation on the last day of the month
A46: Cash | B46: The Cash item illustrates the cash situation with business revenues and with the cash calculation also taking grants, loans and capital investments into account. Cash development in accordance with this item can also be found in a graphical form on the Cash graph on the Graphs tab.
A47: Business | B47: Cash situation with revenue from business
A48: Grants | B48: Cash situation with revenue from business and grants
A49: Loans | B49: Cash situation with revenue from business, grants and loans
A50: Cash-flow calculation result | B50: Cash-flow calculation result with revenues/costs from business and with the calculation results also taking grants, loans and capital investments into account. Please note that the result of the cash-flow calculation can be very different from the accounting result, as the result of the cash-flow calculation includes investments but not depreciations, income and costs based on currency movement and not on an accruals basis, and so on.
A51: Cash sufficiency | B51: Cash sufficiency with the costs of the previous 3 months. Calculation: cash at the end of the month / the costs of the last 3 months Over 2.0: cash sufficient for over 6 months 1.0‒2.0: cash sufficient for 3‒6 months 0.3‒1.0: cash sufficient for 1‒3 months Under 0.3: cash sufficient for less than 1 month
A52: VAT calculation | B52: The VAT item is an ancillary calculation for estimating the amount of payable VAT. The calculation item VAT balance before payments must be entered as payable VAT on row 69 of the calculation. More instructions on the Finnish Tax Administration website (in Finnish): Aloittavan yrittäjän kysymyksiä arvonlisäverosta https://www.vero.fi/fi-FI/Syventavat_veroohjeet/Arvonlisaverotus/Aloittava_yritys/Aloittavan_yrittajan_kysymyksia_arvonlis(41964)
A53: Sales VAT | B53: VAT included in sales for the month
... A57: VAT paid | B57: Paid VAT will be transferred as a cost onto row 69. VAT is entered as a positive value if paid and negative if refunded
A59: Cash-flow calculation graphs
A61: Chart | B61: Instructions
A62: Cash-flow calculation result (cumulative) | B62: The Cash-flow calculation result graph illustrates the development of the cash-flow calculation result over 12 months. The result is divided into the business result alone and a result that also includes grants, loans and capital investments. The information for the graph is retrieved from the Cash-flow calculation result item. Please note that the result of the cash-flow calculation can be very different from the accounting result, as the result of the cash-flow calculation includes investments but not depreciations, income and costs based on currency movement and not on an accruals basis, and so on.
A63: Cash | B63: The Cash graph illustrates the cash development over 12 months. Cash development is presented with pure business revenue and with grants, loans and capital investments also included. The information for the graph is retrieved from the Cash item at the end of the calculation.
A64: Accounting result | B64: The graph illustrates the accounting result month by month. The information for the graph is retrieved from the Accounting result item
A65: Own capital | B65: The graph illustrates how much capital the company has each month. The information for the graph is retrieved from the Own capital at the end of the month item
A66: Objective vs. actual cash | B66: The graph presents a comparison between the cash objective and actual cash information
A67: Cash sufficiency | B67: The graph illustrates the sufficiency of the company’s cash with the costs of the previous 3 months. Over 2.0: cash sufficient for over 6 months 1.0‒2.0: cash sufficient for 3‒6 months 0.3‒1.0: cash sufficient for 1‒3 months Under 0.3: cash sufficient for less than 1 month Calculation: cash at the end of the month / the costs of the last 3 months
